 Dungeon Crawl Stone Soup version 0.30-a0-335-ge5acde7520 (webtiles) character file.

Game seed: 2416002498800667297

20496 Lanoc the Skirmisher (level 13, -18/104 HPs)
             Began as a Formicid Hexslinger on Oct 30, 2022.
             Was the Champion of Okawaru.
             Demolished by a white ugly thing (33 damage)
             ... on level 14 of the Dungeon on Oct 31, 2022.
             The game lasted 00:34:19 (12206 turns).

Lanoc the Skirmisher (Formicid Hexslinger)         Turns: 12206, Time: 00:34:20

Health: -18/104    AC: 16    Str: 20    XL:     13   Next: 12%
Magic:  10/14      EV: 10    Int: 13    God:    Okawaru [******]
Gold:   212        SH:  6    Dex: 18    Spells: 13/14 levels left

rFire   + . .      SeeInvis +    b - +8 quarterstaff of the Unspeakable One {holy, rPois rF+}
rCold   . . .      Faith    .    y - +0 buckler
rNeg    . . .      Spirit   .    x - +0 plate armour of Indomitability {Str+4}
rPois   +          Reflect  .    (helmet unavailable)
rElec   .          Harm     .    (no cloak)
rCorr   +          Rampage  .    l - +1 pair of gloves {infuse}
Will    +....                    (no boots)
Stlth   ..........               f - amulet of regeneration
HPRegen 1.17/turn                O - ring of resist corrosion
MPRegen 0.14/turn                t - +4 ring of slaying

@: invisible
A: permanent stasis, dig shafts and tunnels, antennae 3, four strong arms
a: Dig, Shaft Self, Renounce Religion, Heroism, Finesse, Duel


You were on level 14 of the Dungeon.
You worshipped Okawaru.
Okawaru was exalted by your worship.
You visited 2 branches of the dungeon, and saw 16 of its levels.

You collected 597 gold pieces.
You spent 385 gold pieces at shops.

Inventory:

Hand Weapons
 a - a +1 sling
 b - the +8 quarterstaff of the Unspeakable One (weapon) {holy, rPois rF+}
   (You found it on level 8 of the Dungeon)

   It has been blessed by the Shining One to cause great damage to the undead
   and demons.
   rF:        It protects you from fire.
   rPois:     It protects you from poison.
 B - a +4 dagger of speed
Missiles
 A - a curare-tipped dart
Armour
 l - a +1 pair of gloves of infusion (worn)
 x - the +0 plate armour of Indomitability (worn) {Str+4}
   (Okawaru gifted it to you on level 11 of the Dungeon)

   Str:       It affects your strength (+4).
 y - a +0 buckler (worn)
Jewellery
 f - an amulet of regeneration (around neck)
 t - a +4 ring of slaying (right hand)
 D - a ring of poison resistance
 O - a ring of resist corrosion (left hand)
Wands
 j - a wand of flame (18)
 n - a wand of paralysis (12)
 u - a wand of iceblast (3)
 H - a wand of polymorph (5)
Scrolls
 c - 5 scrolls of magic mapping
 h - a scroll of amnesia {unknown}
 i - 3 scrolls of teleportation {unknown}
 m - 4 scrolls of vulnerability {unknown}
 o - a scroll of poison
 p - 2 scrolls of enchant armour
 q - 4 scrolls of fog {unknown}
 w - a scroll of torment
 z - a scroll of identify
 E - 4 scrolls of enchant weapon {unknown}
 G - 4 scrolls of immolation {unknown}
 J - 2 scrolls of blinking {unknown}
 K - a scroll of brand weapon {unknown}
 M - a scroll of noise {unknown}
Potions
 d - a potion of invisibility
 e - 3 potions of brilliance
 g - a potion of flight
 k - 8 potions of curing
 r - a potion of resistance
 s - a potion of lignification
 v - 5 potions of attraction
 C - 2 potions of cancellation
 I - a potion of magic
 L - a potion of haste {unknown}
 N - a potion of ambrosia
Miscellaneous
 F - a piece from Xom's chessboard (15/15)


   Skills:
 + Level 10.4 Fighting
 * Level 13.5 Ranged Weapons
 + Level 8.1 Armour
 + Level 9.0 Dodging
 - Level 6.0 Shields
 - Level 1.1 Spellcasting
 - Level 3.9 Hexes


You had 13 spell levels left.
You knew the following spells:

 Your Spells              Type           Power      Damage    Failure   Level
a - Slow                  Hex            44%        N/A       78%         1

Your spell library contained the following spells:

 Spells                   Type           Power      Damage    Failure   Level
 Apportation              Tloc           0%         N/A       100%        1
 Magic Dart               Conj           0%         1d3       100%        1
 Necrotise                Necr           0%         1d4       100%        1
 Inner Flame              Hex/Fire       5%         N/A       100%        3
 Kindle Blastsparks       Fire/Tloc/Air  0%         2d10      100%        3
 Mephitic Cloud           Conj/Pois/Air  0%         N/A       100%        3
 Ozocubu's Armour         Ice            0%         N/A       100%        3
 Portal Projectile        Hex/Tloc       10%        N/A       100%        3
 Vhi's Electric Charge    Tloc/Air       0%         N/A       100%        3
 Cause Fear               Hex            5%         N/A       100%        4
 Flame Wave               Conj/Fire      0%         2d4       100%        4
 Fulminant Prism          Conj/Hex       2%         3d5       100%        4
 Iskenderun's Mystic Bla  Conj/Tloc      0%         2d3       100%        4
 Petrify                  Tmut/Erth      0%         N/A       100%        4
 Sticky Flame             Conj/Fire      0%         2d3       100%        4
 Arcjolt                  Conj/Air       0%         1d10      100%        5
 Lee's Rapid Deconstruct  Erth           0%         3d4*      100%        5
 Metabolic Englaciation   Hex/Ice        2%         N/A       100%        5
 Statue Form              Tmut/Erth      0%         N/A       100%        6
 Maxwell's Capacitive Co  Air            0%         ∞         100%        8
 Summon Small Mammal      Summ           Unusable   N/A       N/A         1
 Call Imp                 Summ           Unusable   N/A       N/A         2
 Simulacrum               Ice/Necr       Unusable   N/A       N/A         6

Dungeon Overview and Level Annotations

Branches:
Dungeon (15/15)            Temple (1/1) D:6            Lair (0/5) D:9
    Orc: D:9-12      Vaults: D:13-14     Depths: D:15

Altars:
Ashenzari
Cheibriados
Dithmenos
Elyvilon
Fedhas
Gozag
Hepliaklqana
Kikubaaqudgha
Makhleb
Nemelex Xobeh
Okawaru
Qazlal
Ru
Sif Muna
Trog
Uskayaw
Vehumet
Wu Jian
Xom
Yredelemnul
Zin
The Shining One

Shops:
D:1 !   D:7 **   D:13 *

Annotations:
D:7 2 transporters, gabibbone's ghost, novice DjVM
D:10 1 runed translucent door, casual's ghost, journeyman DsFi
D:13 Sonja


Innate Abilities, Weirdness & Mutations

You cannot be hasted, slowed, berserked, paralysed or teleported.
You can dig through walls and to a lower floor.
You have a pair of large antennae on your head. (SInv)
Your four strong arms can wield two-handed weapons with a shield.


Message History

The purple ugly thing is lightly wounded.
The purple ugly thing bites you. The purple ugly thing bites you!
You see here a +3 scimitar of flaming.
You bump into the rock wall.
The purple ugly thing bites you!
You bump into the rock wall.
You feel less invigorated.
You feel less confused. The purple ugly thing misses you.
The green ugly thing basks in the mutagenic energy from its kin and changes!
You thump the purple ugly thing!
The purple ugly thing is moderately wounded.
The white ugly thing basks in the mutagenic energy from its kin and changes! x3
The purple ugly thing bites you!
The white ugly thing basks in the mutagenic energy from its kin and changes!
You see here a +1 scimitar of flaming.
You thump the purple ugly thing!
The purple ugly thing is heavily wounded.
The purple ugly thing closely misses you.
The green ugly thing basks in the mutagenic energy from its kin and changes!
You hit the purple ugly thing but do no damage.
The purple ugly thing is heavily wounded.
The purple ugly thing bites you but does no damage. x2
You sock the purple ugly thing!
The purple ugly thing is severely wounded.
The purple ugly thing bites you but does no damage.
You bludgeon the purple ugly thing!!
You kill the purple ugly thing!
Okawaru accepts your kill. The white ugly thing bites you!
The white ugly thing freezes you!!
* * * LOW HITPOINT WARNING * * *
Your Dodging skill increases to level 9!
You feel better.
The white ugly thing closely misses you.
You fade into invisibility!
The white ugly thing closely misses you.
You feel better.
The green ugly thing basks in the mutagenic energy from its kin and changes!
The white ugly thing bites you.
* * * LOW HITPOINT WARNING * * *
The white ugly thing freezes you!!
You die...

#..#)##....###...#.
#.##...........####
#####.....)...## #
##........#
#..##....#
###..†.....#
##uu{#......#
#####u#######uu.# #
#...@## #...## #
###### ##..u####
##u..... ##..####
#..## #.## ###{##
#...###..u#
#.......##
###......# ##


You could see 3 ugly things.

Vanquished Creatures
  A hydra (D:13)
  A centaur warrior (D:10)
  A boulder beetle (D:13)
  2 orc knights
  A deep elf pyromancer (D:13)
  A manticore (D:10)
  A cyclops (D:12)
  7 ugly things
  An unseen horror zombie (D:8)
  2 efreet (D:14)
  An unseen horror (D:10)
  A komodo dragon (D:10)
  A rime drake (D:9)
  6 trolls
  A slime creature (D:10)
  Prince Ribbit (D:5)
  4 hornets
  2 vampires
  20 yaks
  3 wraiths
  4 vampire mosquitoes
  A warg (D:14)
  2 water moccasins
  An acid dragon (D:11)
  A hornet zombie (D:8)
  6 orc warriors
  A sky beast (D:7)
  3 ice beasts
  2 ogres
  A black bear (D:5)
  2 wolves (D:9)
  10 centaurs
  2 phantoms (D:5)
  2 kobold brigands
  4 bullfrogs
  3 wyvern zombies (D:8)
  4 scorpions
  A necrophage (D:6)
  A gnoll sergeant (D:8)
  13 wights
  16 killer bees
  A howler monkey (D:4)
  2 gnoll boudas
  A jelly (D:6)
  3 hounds
  5 orc priests
  11 orc wizards
  4 iguanas
  2 killer bee zombies (D:8)
  4 adders
  9 gnolls
  2 white imps (D:8)
  An ufetubus (D:6)
  2 worms
  3 dart slugs
  30 orcs
  4 ball pythons (D:1)
  6 bats
  6 endoplasms
  2 giant cockroaches
  7 goblins
  9 hobgoblins
  2 jackals (D:1)
  13 kobolds
  4 quokkas
  3 frilled lizards
  10 rats
284 creatures vanquished.

Vanquished Creatures (others)
  A plant (D:5)
1 creature vanquished.

Grand Total: 285 creatures vanquished

Notes
Turn   | Place    | Note
-------+----------+-------------------------------------------
     0 | D:1      | Lanoc the Formicid Hexslinger began the quest for the Orb.
     0 | D:1      | Reached XP level 1. HP: 15/15 MP: 2/2
    96 | D:1      | Reached XP level 2. HP: 21/21 MP: 3/3
   151 | D:1      | Found Ofaac Puq's Distillery.
   344 | D:1      | Reached XP level 3. HP: 26/26 MP: 4/4
  1107 | D:2      | Reached skill level 3 in Ranged Weapons
  1107 | D:2      | Reached XP level 4. HP: 33/33 MP: 5/5
  1217 | D:2      | Found a faded altar of an unknown god.
  1625 | D:4      | Reached XP level 5. HP: 28/39 MP: 6/6
  1756 | D:4      | Found a burning altar of Makhleb.
  1756 | D:4      | Noticed a cacodemon
  1763 | D:4      | Noticed an orange demon
  1763 | D:4      | Noticed an orange demon
  2252 | D:3      | Reached skill level 4 in Ranged Weapons
  2297 | D:5      | Entered Level 5 of the Dungeon
  2346 | D:5      | Noticed an ogre
  2350 | D:5      | Killed an ogre
  2351 | D:5      | Reached XP level 6. HP: 47/47 MP: 7/7
  2673 | D:5      | Reached skill level 5 in Ranged Weapons
  2673 | D:5      | Reached XP level 7. HP: 51/52 MP: 8/8
  2679 | D:5      | Noticed Prince Ribbit
  2686 | D:5      | Killed Prince Ribbit
  2871 | D:5      | Reached skill level 6 in Ranged Weapons
  2871 | D:5      | Reached XP level 8. HP: 28/61 MP: 9/9
  2938 | D:5      | Found a white marble altar of Elyvilon.
  3374 | D:5      | Reached skill level 5 in Fighting
  3724 | D:6      | Found a staircase to the Ecumenical Temple.
  3735 | D:6      | Reached skill level 7 in Ranged Weapons
  3741 | Temple   | Entered the Ecumenical Temple
  3890 | Temple   | Became a worshipper of Warmaster Okawaru
  4036 | D:6      | Reached skill level 5 in Dodging
  4036 | D:6      | Reached XP level 9. HP: 62/68 MP: 3/10
  4210 | D:6      | Reached * piety under Okawaru
  4397 | D:6      | Found a blossoming altar of Fedhas.
  4533 | D:7      | Reached skill level 8 in Ranged Weapons
  4789 | D:7      | Found a stormy altar of Qazlal.
  4824 | D:7      | Found Inateong's General Store.
  4824 | D:7      | Found Iwkad's Specific Store.
  4969 | D:7      | Reached skill level 1 in Armour
  5182 | D:7      | Bought a potion of heal wounds for 70 gold pieces
  5182 | D:7      | Bought a potion of curing for 42 gold pieces
  5182 | D:7      | Bought a +0 buckler for 63 gold pieces
  5256 | D:7      | Reached ** piety under Okawaru
  5257 | D:7      | Reached skill level 9 in Ranged Weapons
  5416 | D:7      | Reached skill level 1 in Shields
  5528 | D:7      | Reached XP level 10. HP: 72/75 MP: 7/11
  5673 | D:7      | Found a transporter.
  5676 | D:7      | Noticed gabibbone's ghost (novice DjVM)
  5676 | D:7      | Noticed a moth of wrath
  5691 | D:7      | Found a transporter.
  5816 | D:8      | Identified the +8 quarterstaff of the Unspeakable One
                  | {holy, rPois rF+}
  6328 | D:8      | Reached *** piety under Okawaru
  6334 | D:8      | Reached skill level 10 in Ranged Weapons
  7030 | D:9      | Noticed a rime drake
  7177 | D:9      | Reached **** piety under Okawaru
  7262 | D:8      | Reached XP level 11. HP: 60/86 MP: 7/12
  7370 | D:9      | Reached skill level 5 in Shields
  7709 | D:9      | Reached skill level 11 in Ranged Weapons
  7712 | D:9      | Reached skill level 5 in Armour
  7917 | D:9      | Found a staircase to the Lair.
  8165 | D:10     | Entered Level 10 of the Dungeon
  8215 | D:10     | Found a runed translucent door.
  8216 | D:10     | Noticed casual's ghost (journeyman DsFi)
  8245 | D:10     | HP: 2/87 [komodo dragon (25)]
  8397 | D:10     | Reached ***** piety under Okawaru
  9162 | D:10     | Noticed a manticore
  9163 | D:10     | Noticed a centaur warrior
  9200 | D:10     | Killed a manticore
  9495 | D:10     | Killed a centaur warrior
  9877 | D:11     | Reached XP level 12. HP: 87/95 MP: 11/13
  9953 | D:11     | Reached skill level 12 in Ranged Weapons
 10041 | D:11     | Identified the +0 plate armour of Indomitability {Str+4}
                  | (Okawaru gifted it to you on level 11 of the Dungeon)
 10041 | D:11     | Received a gift from Okawaru
 10157 | D:11     | Reached ****** piety under Okawaru
 10347 | D:11     | Found a hide-covered altar of Uskayaw.
 10820 | D:12     | You fall into a shaft and drop 3 floors!
 10820 | D:15     | Entered Level 15 of the Dungeon
 11087 | D:13     | Noticed an eight-headed hydra
 11089 | D:13     | Noticed Sonja
 11096 | D:13     | Killed an eight-headed hydra
 11116 | D:13     | Found Iluixto's Assorted Antiques.
 11120 | D:13     | Noticed a boulder beetle
 11131 | D:13     | Killed a boulder beetle
 11132 | D:13     | Reached skill level 10 in Fighting
 11132 | D:13     | Reached skill level 13 in Ranged Weapons
 11164 | D:13     | Bought 2 glowing yellow potions for 48 gold pieces
 11164 | D:13     | Bought a potion of curing for 81 gold pieces
 11164 | D:13     | Bought a potion of curing for 81 gold pieces
 11273 | D:13     | Noticed a +2 long sword
 11286 | D:13     | You fall into a shaft and drop 1 floor!
 11879 | D:14     | Reached XP level 13. HP: 103/103 MP: 10/14
 12203 | D:14     | HP: 3/104 [white ugly thing (32)]
 12206 | D:14     | Demolished by a white ugly thing

Illustrated notes

Levels and vault maps discovered:
D:1:      matt_arrival_diagonals, layout_basic, serial_shops, shop
D:2:      layout_basic, dilly_ecumenical_altar_fadedgnrine
D:3:      layout_rooms
D:4:      layout_basic, makhleb_altar_promises_db
D:5:      layout_loops_corners, lemuel_coloured_pillars_altar,
          chequers_big_river, kennysheep_generic_room_14, uniq_prince_ribbit1
D:6:      layout_rooms, nicolae_overflow_hidden_temple, temple_fountains
D:7:      layout_rooms, nicolae_qazlal_scattered_showers,
          gammafunk_ghost_berserking_beasts, nicolae_specific_store,
          nicolae_concentric_dashed_squares_mild
D:8:      minmay_razor_zed, layout_basic, serial_undead, serial_undead_b,
          serial_undead_b, serial_undead_b, serial_undead_a, serial_undead_b
D:9:      layout_stronghold, hellmonk_lair_entry_icy, st_stairs_1
D:10:     layout_loops_ring, serial_co_window_serial,
          co_window_of_opportunity_a, co_window_paths_a,
          co_window_of_opportunity_a, co_window_corner_a, co_window_corner_a,
          co_window_corner_cb, co_window_cross_4, co_window_cross_3,
          glass_columns_c, ebering_ghost_reflecting_pool, grunt_tough_drop
D:11:     layout_roguey, eat_drink_and_be_merry_uskayaw
D:12:     layout_cave_pods, david_orc_4
D:13:     layout_cave_pods, erik_vaults_1, serial_shops, shop, uniq_josephine,
          uniq_lodul, uniq_sonja
D:14:     layout_layer_cave, tso_altar, grunt_dithmenos_smoke_and_mirrors
D:15:     gammafunk_enter_depths_forms, layout_basic,
          gammafunk_ghost_tricky_traps, abandoned_shop, uniq_louise, uniq_agnes
Temple:   mainiacjoe_temple_coin_purse

Skill      XL: |  1  2  3  4  5  6  7  8  9 10 11 12 13 |
---------------+----------------------------------------+-----
Dodging        | 2 3 4 5 6 7 8 9 |  9.0
Fighting       | 2 3 4 5 6 7 9 10 | 10.4
Ranged Weapons | 3 4 5 6 7 9 10 11 13 | 13.5
Armour         | 2 4 6 7 8 |  8.1
Shields        | 1 4 6 |  6.0
Spellcasting   | |  1.1
Hexes          | |  3.9

Action                   |  1- 3 |  4- 6 |  7- 9 | 10-12 | 13-15 || total
-------------------------+-------+-------+-------+-------+-------++-------
Melee: Dagger            |       |     6 |   189 |    15 |       ||   210
       Quarterstaff      |       |       |       |   440 |    40 ||   480
 Fire: Sling             |    81 |   190 |   230 |   201 |    11 ||   713
 Cast: Slow              |     2 |       |       |       |       ||     2
 Abil: Dig               |       |       |       |     4 |       ||     4
       Shaft Self        |       |       |       |     1 |       ||     1
Evoke: Wand              |       |     3 |     6 |     7 |       ||    16
  Use: Scroll            |       |       |    11 |     6 |       ||    17
       Potion            |       |       |     6 |     4 |     4 ||    14
Armor: Robe              |     2 |    29 |    24 |       |       ||    55
       Leather armour    |       |       |    24 |    74 |       ||    98
       Plate armour      |       |       |       |    58 |    22 ||    80
       Troll leather arm |       |       |       |     1 |       ||     1
Dodge: Dodged            |    14 |    64 |   167 |   367 |    21 ||   633
Block: Buckler           |       |       |     8 |   169 |     6 ||   183

Table legend: (Time is in decaauts)
 A = Elapsed time spent in this place.
 B = Non-inter-level travel time spent in this place.
 C = Inter-level travel time spent in this place.
 D = Time resting spent in this place.
 E = Time spent auto-exploring this place.
 F = Levels seen in this place.
 G = Mean time per level.
                   A        B        C        D        E       F      G
               +--------+--------+--------+--------+--------+-----+--------+
         Total |  12314 |  11979 |    335 |    156 |   8962 |  16 |  769.6 |
       Dungeon |  12155 |  11845 |    310 |    156 |   8846 |  15 |  810.3 |
        Temple |    158 |    133 |     25 |      0 |    116 |   1 |  158.0 |
               +--------+--------+--------+--------+--------+-----+--------+

Top non-repeatable levels by time:
    D:10: 1479 daAuts
     D:5: 1422 daAuts
     D:8: 1210 daAuts
     D:9: 1199 daAuts
     D:7: 1192 daAuts
    D:14: 954 daAuts
    D:11: 806 daAuts
     D:1: 767 daAuts
     D:6: 673 daAuts
     D:4: 611 daAuts
     D:2: 539 daAuts
     D:3: 432 daAuts
    D:13: 425 daAuts
    D:12: 404 daAuts
  Temple: 158 daAuts
